 Dungeon Crawl Stone Soup version 0.23.0 (webtiles) character file.

Game seed: 3323167548332367328

79 Laan the Ruffian (level 4, -5/40 HPs)
             Began as a Hill Orc Berserker on Feb 12, 2019.
             Was a Believer of Trog.
             Slain by Crazy Yiuf
             ... wielding a +3 quarterstaff of chaos
              (7 damage)
             ... on level 2 of the Dungeon.
             The game lasted 00:02:41 (1623 turns).

Laan the Ruffian (Hill Orc Berserker)               Turns: 1623, Time: 00:02:42

Health: -5/40      AC:  6    Str: 20    XL:     4   Next: 37%
Magic:  3/4        EV:  7    Int: 12    God:    Trog [**....]
Gold:   109        SH:  7    Dex: 10    Spells: 3/3 levels left

rFire    . . .     SeeInvis .     - Unarmed
rCold    . . .     Gourm    .   k - +0 shield
rNeg     . . .     Faith    .   f - +0 scale mail
rPois    .         Spirit   .   (no helmet)
rElec    .         Reflect  .   (no cloak)
rCorr    .         Harm     .   (no gloves)
MR       .....                  (no boots)
Stlth    ..........             (no amulet)
HPRegen  0.13/turn              j - ring of flight
MPRegen  0.09/turn              (no ring)

@: brilliant, lethally poisoned (-5 -> -11), berserk cooldown, slowed, lightly
drained, very slow
A: no striking features
a: Berserk, Trog's Hand, Renounce Religion, Evoke Flight


You were on level 2 of the Dungeon.
You worshipped Trog.
Trog was pleased with you.
You were very hungry.

You visited 1 branch of the dungeon, and saw 2 of its levels.

You collected 109 gold pieces.

Inventory:

Armour
 f - a +0 scale mail (worn)
 k - a +0 shield (worn)
Jewellery
 j - a ring of flight (left hand)
Scrolls
 d - 5 scrolls of identify
Potions
 a - a potion of heal wounds {unknown}
 e - 2 potions of invisibility
 g - 2 potions of ambrosia {unknown}
 h - a potion of berserk rage {unknown}
 i - a potion of brilliance
 l - a potion of haste {unknown}
Comestibles
 b - 2 rations
 c - 3 chunks of flesh


   Skills:
 + Level 4.3(4.0) Fighting
 + Level 3.0(2.8) Armour
 - Level 1.5(1.3) Dodging
 + Level 0.9(0.7) Shields
 * Level 4.4(4.2) Unarmed Combat


You had 3 spell levels left.
You didn't know any spells.
Your spell library was empty.

Dungeon Overview and Level Annotations

Branches:
Dungeon (2/15)

Altars:

Annotations:
D:2 Crazy Yiuf


Message History

You bump into the stone wall.
You bump into the rock wall.
You feel a strong urge to attack something.
Crazy Yiuf hits you but does no damage.
You feel drained.
You completely miss Crazy Yiuf.
Crazy Yiuf is severely wounded.
You are no longer berserk.
You are exhausted.
You feel yourself slow down.
Crazy Yiuf says, "Seed!
Gum toodlewoodle childish."
Crazy Yiuf hits you with a +3 quarterstaff of chaos.
* * * LOW HITPOINT WARNING * * *
You are lethally poisoned!
It was a potion of brilliance.
You feel clever all of a sudden.
You feel less confused.
* * * LOW HITPOINT WARNING * * *
You feel sick.
Crazy Yiuf whimpers, "Snurf cower sizzlefizz!"
Crazy Yiuf hits you with a +3 quarterstaff of chaos!
You die...

##..#####
#.# #....#
###.# #....#
#######...#
#...##
#.......###
##.##
#######.#
#.## #.#
##.# #.#
#.## #.#
##@# #.# #g#
####.## ...
#.....# #.
#...#
####.##.##
#. #..)#
#.......#
##. #####
#....####
..## #....##
..#
######.....#
#.#
...........#


You could see Crazy Yiuf.

Vanquished Creatures
  3 adders (D:2)
  A worm (D:2)
  3 dart slugs
  A leopard gecko (D:1)
  6 bats (D:1)
  2 giant cockroaches
  9 goblins
  5 hobgoblins
  3 kobolds
  4 frilled lizards
  6 rats (D:1)
43 creatures vanquished.

Notes
Turn   | Place    | Note
-------+----------+-------------------------------------------
     0 | D:1      | Laan the Hill Orc Berserker began the quest for the Orb.
     0 | D:1      | Reached XP level 1. HP: 19/19 MP: 1/1
   190 | D:1      | Reached XP level 2. HP: 19/27 MP: 2/2
   668 | D:1      | Reached XP level 3. HP: 32/33 MP: 3/3
   827 | D:1      | Reached ** piety under Trog
  1344 | D:2      | Reached XP level 4. HP: 33/40 MP: 4/4
  1605 | D:2      | Found a runed translucent door.
  1606 | D:2      | Noticed Crazy Yiuf
  1614 | D:2      | Paralysed by Crazy Yiuf for 4 turns
  1623 | D:2      | HP: 2/40 [poisoned by Crazy Yiuf]
  1623 | D:2      | Slain by Crazy Yiuf

Skill      XL: |  1  2  3  4 |
---------------+-------------+-----
Fighting       | 4 |  4.3
Unarmed Combat | 4 |  4.4
Armour         | 3 |  3.0
Dodging        | |  1.5
Shields        | |  0.9

Action                   |  1- 3 |  4- 6 || total
-------------------------+-------+-------++-------
Melee: Unarmed           |   144 |    31 ||   175
       Punch             |     2 |       ||     2
Invok: Berserk           |     2 |     1 ||     3
  Use: Scroll            |     3 |       ||     3
       Potion            |       |     1 ||     1
  Eat: Chunk             |     3 |     1 ||     4
Armor: Animal skin       |    12 |       ||    12
       Scale mail        |    32 |     8 ||    40
Dodge: Dodged            |    81 |     3 ||    84
Block: Shield            |    20 |     5 ||    25
